 Dungeon Crawl Stone Soup version 0.24-a0-487-g57318f2ed0 (webtiles) character file.

Game seed: 553631525666092393

121 Gynju the Conjurer (level 4, -5/33 HPs)
             Began as a Draconian Conjurer on July 10, 2019.
             Slain by a centaur zombie (8 damage)
             ... on level 7 of the Dungeon.
             The game lasted 00:08:10 (3628 turns).

Gynju the Conjurer (Draconian Conjurer)             Turns: 3628, Time: 00:08:11

Health: -5/33      AC:  5    Str: 15    XL:     4   Next: 77%
Magic:  8/8        EV: 12    Int: 16    God:
Gold:   144        SH:  0    Dex: 12    Spells: 4/9 levels left

rFire    . . .     SeeInvis .   q - +0 whip
rCold    . . .     Gourm    .   (no shield)
rNeg     . . .     Faith    .   (armour unavailable)
rPois    .         Spirit   .   (helmet restricted)
rElec    .         Reflect  .   (no cloak)
rCorr    .         Harm     +   (no gloves)
MR       +....                  (no boots)
Stlth    ++........             g - amulet of harm
HPRegen  0.11/turn              a - ring of protection from magic
MPRegen  0.11/turn              d - +5 ring of strength

@: no status effects
A: unfitting armour, cold-blooded, AC +5
a: no special abilities


You were on level 7 of the Dungeon.
You were hungry.

You visited 1 branch of the dungeon, and saw 5 of its levels.

You collected 144 gold pieces.

Inventory:

Hand Weapons
 q - a +0 whip (weapon)
Missiles
 h - 16 sling bullets
 m - 71 stones (quivered)
Jewellery
 a - a ring of protection from magic (left hand)
 d - a +5 ring of strength (right hand)
 g - an amulet of harm (around neck)
Scrolls
 c - a scroll of fog {unknown}
 i - a scroll of remove curse {unknown}
 j - 2 scrolls of identify {unknown}
 k - a scroll of teleportation {unknown}
 l - a scroll of amnesia {unknown}
 n - 2 scrolls of magic mapping {unknown}
 o - a scroll of enchant weapon {unknown}
Potions
 e - a potion of curing {unknown}
 f - 2 potions of ambrosia {unknown}
 p - a potion of flight {unknown}
 s - a potion of agility {unknown}
Comestibles
 b - 6 rations


   Skills:
 - Level 2.5 Dodging
 - Level 2.5 Stealth
 + Level 3.1 Spellcasting
 + Level 4.8 Conjurations


You had 4 spell levels left.
You knew the following spells:

 Your Spells              Type           Power        Failure   Level  Hunger
a - Magic Dart            Conj           ###.         2%          1    #......
b - Iskenderun's Mystic   Conj           ###.....     26%         4    #####..

Your spell library contained the following spells:

 Spells                   Type           Power        Failure   Level  Hunger
 Searing Ray              Conj           ###...       3%          2    ##.....
 Dazzling Spray           Conj/Hex       ##....       21%         3    ###....
 Force Lance              Conj/Tloc      ##......     56%         4    #####..
 Fulminant Prism          Conj/Hex       ##........   56%         4    #####..


Dungeon Overview and Level Annotations

Branches:
Dungeon (4/15)
 Temple: D:4-7

Altars:
Gozag
Okawaru

Annotations:
D:2 Sigmund


Innate Abilities, Weirdness & Mutations

Your plain brown scales are hard. (AC +5)
You cannot fit into any form of body armour.
You are cold-blooded and may be slowed by cold attacks.


Message History

You hear a shout!
You hear an angry hiss.
You hear a shout! x4
You are feeling hungry.
You feel sick.
The centaur zombie hits you but does no damage.
The howler monkey hoots and howls with incredible vigour!
You hear a shout! x2
You see here a smoky sapphire potion.
You feel sick.
You are no longer poisoned.
The centaur zombie closely misses you.
The centaur zombie hits you but does no damage.
The centaur zombie closely misses you.
The howler monkey hoots and howls with incredible vigour!
The centaur zombie hits you.
* * * LOW HITPOINT WARNING * * *
You hear a shout!
The howler monkey hoots and howls with incredible vigour!
You hear an angry hiss.
The centaur zombie hits you!
You die...

######### ####
...O....# #..
#######.# #.#
#.########@#
#.#.5.h..Z.#
#.#.########
#######.......#
......#.#h###....
.###....#.# ##
......".#.#
####....#5#########.
##.#.............


You could see a howler monkey, a shadow imp and a centaur zombie.

Vanquished Creatures
  3 adders
  A shadow imp (D:3)
  An ooze (D:1)
  2 worms
  2 dart slugs
  7 leopard geckos
  3 orcs (D:3)
  4 giant cockroaches
  3 goblins
  8 hobgoblins
  4 jackals (D:3)
  6 kobolds
  A quokka (D:3)
  5 bats
  2 frilled lizards
  10 rats
62 creatures vanquished.

Notes
Turn   | Place    | Note
-------+----------+-------------------------------------------
     0 | D:1      | Gynju the Draconian Conjurer began the quest for the Orb.
     0 | D:1      | Reached XP level 1. HP: 14/14 MP: 3/3
   271 | D:1      | Reached XP level 2. HP: 20/20 MP: 0/5
  1123 | D:1      | Reached XP level 3. HP: 26/26 MP: 2/6
  1632 | D:2      | Noticed Sigmund
  1636 | D:2      | Noticed an ogre
  1711 | D:2      | Reached XP level 4. HP: 33/33 MP: 1/7
  1831 | D:2      | Learned a level 4 spell: Iskenderun's Mystic Blast
  2256 | D:3      | Found an opulent altar of Gozag.
  3077 | D:3      | Found an iron altar of Okawaru.
  3551 | D:4      | You fall into a shaft and drop 3 floors!
  3551 | D:7      | Noticed an ogre
  3591 | D:7      | Noticed a big kobold
  3628 | D:7      | Slain by a centaur zombie

Levels and vault maps discovered:
D:1:      wander_arrival_fairy_ring, layout_rooms, hangedman_decor_peaks_small,
          hex_tiny, minmay_misc_feat_more_columns
D:2:      layout_loops_ring, first_ration, kennysheep_nondescript, uniq_sigmund
D:3:      layout_basic, lemuel_coloured_pillars_altar, old_standard_altar
D:4:      layout_gridville, nemelex_xobeh_ov_fountains_minmay,
          gammafunk_temple_overflow_wave
D:7:      layout_loops_ring, kennysheep_little_box,
          minmay_temple_entry_glassed_door, serial_shops, shop

Skill      XL: |  1  2  3  4 |
---------------+-------------+-----
Dodging        | 2 |  2.5
Stealth        | 2 |  2.5
Spellcasting   | 3 |  3.1
Conjurations   | |  4.8

Action                   |  1- 3 |  4- 6 || total
-------------------------+-------+-------++-------
Melee: Dagger            |    32 |    22 ||    54
       Unarmed           |     1 |       ||     1
       Tailslap          |     3 |       ||     3
       Whip              |       |     4 ||     4
 Cast: Magic Dart        |    73 |    69 ||   142
  Eat: Chunk             |     3 |     6 ||     9
Armor: Skin              |     3 |    11 ||    14
Dodge: Dodged            |    15 |    31 ||    46

Table legend:
 A = Non-vault XP
 B = Vault XP
 C = Vault XP percentage of total XP
 D = Non-vault monster count
 E = Vault monster count
 F = Vault count percentage of total count
                 A         B        C        D         E       F
            +---------+---------+-------+---------+---------+-------
      Total |     174 |       0 |   0.0 |      62 |       0 |   0.0
            +---------+---------+-------+---------+---------+-------
        D:1 |      42 |       0 |   0.0 |      21 |       0 |   0.0
        D:2 |      61 |       0 |   0.0 |      18 |       0 |   0.0
        D:3 |      71 |       0 |   0.0 |      23 |       0 |   0.0
            +---------+---------+-------+---------+---------+-------
